TOP OF THE 1ST |
Erie SeaWolves batting - Pitching for Bowie Baysox : RHP Garrett Enlow
|
Pitching: RHP Garrett Enlow
|
|
Batting: RHB Brad Littell
|
0-0: Ball 1-0: Foul Ball, location: 9LMF 1-1: Foul Ball, location: 2F 1-2: Fly out, F9 (Line Drive, 9, EV 83.8 MPH)
|
Batting: LHB Randy Henderson
|
0-0: Fly out, F7 (Flyball, 7LSF, EV 88.8 MPH)
|
Batting: RHB Ryan Knee
|
0-0: Foul Ball, location: 3FF 0-1: Ball 1-1: Called Strike 1-2: Ball 2-2: Ground out 3-1 (Groundball, 34, EV 86.9 MPH)
|
Top of the 1st over - 0 runs, 0 hits, 0 errors, 0 left on base; Erie 0 - Bowie 0 |
BOTTOM OF THE 1ST |
Bowie Baysox batting - Pitching for Erie SeaWolves : LHP Darryl Shirey
|
Pitching: LHP Darryl Shirey
|
|
Batting: RHB Ivan Rios
|
0-0: Ball 1-0: Foul Ball, location: 2F 1-1: Foul Ball, location: 2F 1-2: Fly out, F8 (Line Drive, 8LM, EV 102.5 MPH)
|
Batting: LHB Nick Cheney
|
0-0: Called Strike 0-1: Foul Ball, location: 2F 0-2: Foul Ball, location: 2F 0-2: DOUBLE (Flyball, 78XD, EV 111.9 MPH)
|
Batting: RHB Jose Rodriguez
|
0-0: DOUBLE (Line Drive, 9LM, EV 95.6 MPH) Nick Cheney scores
|
Batting: RHB Paul Hoover
|
0-0: Ball 1-0: Ball 2-0: Foul Ball, location: 2F 2-1: Foul Ball, location: 5FF 2-2: Fly out, F6 (Line Drive, 6MD, EV 94.4 MPH)
|
Batting: RHB Willie Villafuerte
|
0-0: Ball 1-0: TRIPLE (Groundball, 3L, EV 106.9 MPH) Jose Rodriguez scores
|
Batting: RHB Zach Braunstein
|
0-0: Ball 1-0: Called Strike 1-1: Called Strike 1-2: Ball 2-2: Strikes out swinging
|
Bottom of the 1st over - 2 runs, 3 hits, 0 errors, 1 left on base; Erie 0 - Bowie 2 |
TOP OF THE 2ND |
Erie SeaWolves batting - Pitching for Bowie Baysox : RHP Garrett Enlow
|
Batting: LHB Brent Lewis
|
0-0: Ball 1-0: Called Strike 1-1: Called Strike 1-2: Ball 2-2: Strikes out swinging
|
Batting: RHB Kyle Finke
|
0-0: Called Strike 0-1: Ball 1-1: Ground out 4-3 (Groundball, 4, EV 92.5 MPH)
|
Batting: SHB Jonathan Laboy
|
0-0: Ball 1-0: Fly out, F5 (Line Drive, 5L, EV 60.6 MPH)
|
Top of the 2nd over - 0 runs, 0 hits, 0 errors, 0 left on base; Erie 0 - Bowie 2 |
BOTTOM OF THE 2ND |
Bowie Baysox batting - Pitching for Erie SeaWolves : LHP Darryl Shirey
|
Batting: LHB Willie Montelongo
|
0-0: Called Strike 0-1: Ball 1-1: Ball 2-1: Ball 3-1: Fly out, F8 (Line Drive, 8RS, EV 93.8 MPH)
|
Batting: RHB Ryan Liscomb
|
0-0: Ball 1-0: Ground out 6-3 (Groundball, 6, EV 76.3 MPH)
|
Batting: RHB Ricardo Gonzalez
|
0-0: Called Strike 0-1: Swinging Strike 0-2: SINGLE (Groundball, 6MD, EV 95.6 MPH)
|
Batting: RHB Ivan Rios
|
0-0: Ball 1-0: Fly out, F4 (Popup, 34, EV 62.5 MPH)
|
Bottom of the 2nd over - 0 runs, 1 hit, 0 errors, 1 left on base; Erie 0 - Bowie 2 |
TOP OF THE 3RD |
Erie SeaWolves batting - Pitching for Bowie Baysox : RHP Garrett Enlow
|
Batting: SHB Nate Hill
|
0-0: Fly out, F5 (Popup, 5SF, EV 73.1 MPH)
|
Batting: RHB Brice Post
|
0-0: Called Strike 0-1: Called Strike 0-2: Ball 1-2: Ball 2-2: Strikes out looking
|
Batting: RHB Juan Flores
|
0-0: Ball 1-0: Ball 2-0: Ball 3-0: Called Strike 3-1: Foul Ball, location: 25FF 3-2: Ground out 4-3 (Groundball, 34D, EV 105.0 MPH)
|
Top of the 3rd over - 0 runs, 0 hits, 0 errors, 0 left on base; Erie 0 - Bowie 2 |
BOTTOM OF THE 3RD |
Bowie Baysox batting - Pitching for Erie SeaWolves : LHP Darryl Shirey
|
Batting: LHB Nick Cheney
|
0-0: Called Strike 0-1: Ball 1-1: Ball 2-1: Foul Ball, location: 5F 2-2: SINGLE (Groundball, 6D, EV 97.5 MPH)
|
Batting: RHB Jose Rodriguez
|
0-0: Ball 1-0: Foul Ball, location: 9LDF 1-1: Ball 2-1: Ball 3-1: Base on Balls Nick Cheney to second
|
Batting: RHB Paul Hoover
|
0-0: Ball 1-0: Fly out, F9 (Flyball, 89S, EV 84.4 MPH)
|
Pitching: LHP Vince Redmond
|
|
Batting: RHB Willie Villafuerte
|
0-0: Foul Ball, location: 2F 0-1: Ball 1-1: Swinging Strike 1-2: Ball 2-2: Strikes out looking
|
Batting: RHB Zach Braunstein
|
0-0: Ball 1-0: Foul Ball, location: 9LMF 1-1: Ball 2-1: TRIPLE (Line Drive, 8LXD, EV 106.3 MPH) Nick Cheney scores Jose Rodriguez scores
|
Pinch Runner at 3rd Pat Fisher:
|
|
Batting: LHB Willie Montelongo
|
0-0: Ball 1-0: Ball 2-0: Foul Ball, location: 9LMF 2-1: Fly out, F8 (Line Drive, 8RM, EV 93.1 MPH)
|
Bottom of the 3rd over - 2 runs, 2 hits, 0 errors, 1 left on base; Erie 0 - Bowie 4 |
TOP OF THE 4TH |
Erie SeaWolves batting - Pitching for Bowie Baysox : RHP Garrett Enlow
|
Now in RF: Bobby Wiles
|
|
Batting: RHB Brad Littell
|
0-0: Called Strike 0-1: Called Strike 0-2: Strikes out looking
|
Batting: LHB Randy Henderson
|
0-0: Ball 1-0: SINGLE (Line Drive, 89S, EV 91.3 MPH)
|
Batting: RHB Ryan Knee
|
0-0: Called Strike Randy Henderson is caught stealing 2nd base 2-4 0-1: Foul Ball, location: 2F 0-2: Foul Ball, location: 5DF 0-2: Fly out, F9 (Line Drive, 9, EV 90.0 MPH)
|
Top of the 4th over - 0 runs, 1 hit, 0 errors, 0 left on base; Erie 0 - Bowie 4 |
BOTTOM OF THE 4TH |
Bowie Baysox batting - Pitching for Erie SeaWolves : LHP Vince Redmond
|
Batting: RHB Ryan Liscomb
|
0-0: Fly out, F4 (Popup, 4M, EV 63.8 MPH)
|
Batting: RHB Ricardo Gonzalez
|
0-0: Called Strike 0-1: Fly out, F9 (Flyball, 9S, EV 93.1 MPH)
|
Batting: RHB Ivan Rios
|
0-0: SOLO HOME RUN (Flyball, 9D, EV 96.9 MPH), Distance : 372 ft
|
Batting: LHB Nick Cheney
|
0-0: Called Strike 0-1: Ball 1-1: DOUBLE (Line Drive, 7LS, EV 93.8 MPH)
|
Batting: RHB Jose Rodriguez
|
0-0: Ball 1-0: Called Strike 1-1: Fly out, F7 (Flyball, 7D, EV 98.8 MPH)
|
Bottom of the 4th over - 1 run, 2 hits, 0 errors, 1 left on base; Erie 0 - Bowie 5 |
TOP OF THE 5TH |
Erie SeaWolves batting - Pitching for Bowie Baysox : RHP Garrett Enlow
|
Batting: LHB Brent Lewis
|
0-0: Ball 1-0: Called Strike 1-1: Swinging Strike 1-2: Foul Ball, location: 7LDF 1-2: Strikes out swinging
|
Batting: RHB Kyle Finke
|
0-0: Ball 1-0: Called Strike 1-1: Foul Ball, location: 2F 1-2: Ball 2-2: Foul Ball, location: 9LDF 2-2: Strikes out swinging
|
Batting: SHB Jonathan Laboy
|
0-0: Ball 1-0: Ball 2-0: Fly out, F8 (Line Drive, 8RM, EV 92.5 MPH)
|
Top of the 5th over - 0 runs, 0 hits, 0 errors, 0 left on base; Erie 0 - Bowie 5 |
BOTTOM OF THE 5TH |
Bowie Baysox batting - Pitching for Erie SeaWolves : LHP Vince Redmond
|
Batting: RHB Paul Hoover
|
0-0: Ball 1-0: Called Strike 1-1: Foul Ball, location: 2F 1-2: Foul Ball, location: 5FF 1-2: Ball 2-2: Foul Ball, location: 2F 2-2: Ball 3-2: Ground out 6-3 (Groundball, 6, EV 85.0 MPH)
|
Batting: RHB Willie Villafuerte
|
0-0: Ball 1-0: Ball 2-0: Ball 3-0: Called Strike 3-1: Fly out, F9 (Flyball, 89M, EV 95.6 MPH)
|
Batting: LHB Bobby Wiles
|
0-0: Ball 1-0: Called Strike 1-1: SINGLE (Line Drive, 34, EV 106.9 MPH)
|
Batting: LHB Willie Montelongo
|
0-0: Ball 1-0: Ball 2-0: Called Strike 2-1: SINGLE (Groundball, 4MD, EV 105.0 MPH) Bobby Wiles to second Runner from 2nd tries for 3rd, SAFE, throw by CF made to third Willie Montelongo to second
|
Batting: RHB Ryan Liscomb
|
0-0: Ball 1-0: Called Strike 1-1: Ball 2-1: Swinging Strike 2-2: Fly out, F9 (Flyball, 89M, EV 85.0 MPH)
|
Bottom of the 5th over - 0 runs, 2 hits, 0 errors, 2 left on base; Erie 0 - Bowie 5 |
TOP OF THE 6TH |
Erie SeaWolves batting - Pitching for Bowie Baysox : RHP Garrett Enlow
|
Batting: SHB Nate Hill
|
0-0: Called Strike 0-1: Ball 1-1: Ball 2-1: Swinging Strike 2-2: Ball 3-2: Foul Ball, location: 25FF 3-2: Fly out, F7 (Flyball, 78M, EV 96.3 MPH)
|
Batting: RHB Brice Post
|
0-0: Ball 1-0: Ball 2-0: Ball 3-0: Base on Balls
|
Batting: RHB Juan Flores
|
0-0: Called Strike Brice Post steals 2nd base 0-1: Foul Ball, location: 5F 0-2: Strikes out looking
|
Batting: RHB Brad Littell
|
0-0: Ball 1-0: Swinging Strike 1-1: Ball 2-1: Called Strike 2-2: Strikes out swinging
|
Top of the 6th over - 0 runs, 0 hits, 0 errors, 1 left on base; Erie 0 - Bowie 5 |
BOTTOM OF THE 6TH |
Bowie Baysox batting - Pitching for Erie SeaWolves : LHP Vince Redmond
|
Batting: RHB Ricardo Gonzalez
|
0-0: Swinging Strike 0-1: Ball 1-1: Ball 2-1: Ball 3-1: Base on Balls
|
Batting: RHB Ivan Rios
|
0-0: Grounds into double play, 6-4-3 (Groundball, 6, EV 81.9 MPH)
|
Batting: LHB Nick Cheney
|
0-0: Called Strike 0-1: Foul Ball, location: 2F 0-2: Ball 1-2: SINGLE (Groundball, 6M, EV 88.1 MPH) (infield hit)
|
Batting: RHB Jose Rodriguez
|
0-0: Ball 1-0: Ball 2-0: Called Strike 2-1: Ball 3-1: Ground out 4-3 (Groundball, 4, EV 83.1 MPH)
|
Bottom of the 6th over - 0 runs, 1 hit, 0 errors, 1 left on base; Erie 0 - Bowie 5 |
TOP OF THE 7TH |
Erie SeaWolves batting - Pitching for Bowie Baysox : RHP Garrett Enlow
|
Batting: LHB Randy Henderson
|
0-0: Foul Ball, location: 5F 0-1: Swinging Strike 0-2: Ball 1-2: Ball 2-2: Strikes out swinging
|
Batting: RHB Ryan Knee
|
0-0: SINGLE (Line Drive, 8RS, EV 91.3 MPH)
|
Batting: LHB Brent Lewis
|
0-0: Ball Ryan Knee steals 2nd base (no throw) 1-0: Ball 2-0: Ground out 6-3 (Groundball, 56D, EV 97.5 MPH)
|
Batting: RHB Kyle Finke
|
0-0: Fly out, F4 (Popup, 34S, EV 81.9 MPH)
|
Top of the 7th over - 0 runs, 1 hit, 0 errors, 1 left on base; Erie 0 - Bowie 5 |
BOTTOM OF THE 7TH |
Bowie Baysox batting - Pitching for Erie SeaWolves : LHP Vince Redmond
|
Batting: RHB Paul Hoover
|
0-0: Ball 1-0: Ground out 1-3 (Groundball, 15S, EV 71.3 MPH)
|
Batting: RHB Willie Villafuerte
|
0-0: Swinging Strike 0-1: Swinging Strike 0-2: Ball 1-2: Ball 2-2: Ball 3-2: Base on Balls
|
Pitching: RHP Carlos Farias
|
|
Batting: LHB Bobby Wiles
|
0-0: Ball 1-0: Called Strike Willie Villafuerte steals 2nd base 1-1: Foul Ball, location: 5SF 1-2: Strikes out swinging
|
Batting: LHB Willie Montelongo
|
0-0: Ball 1-0: Ball 2-0: Foul Ball, location: 2F 2-1: Swinging Strike 2-2: Ball 3-2: SINGLE (Groundball, 6MS, EV 65.0 MPH) (infield hit) Willie Villafuerte to third
|
Batting: RHB Ryan Liscomb
|
0-0: Foul Ball, location: 2F 0-1: Ball 1-1: Ball 2-1: Fly out, F8 (Flyball, 8RD, EV 103.1 MPH)
|
Bottom of the 7th over - 0 runs, 1 hit, 0 errors, 2 left on base; Erie 0 - Bowie 5 |
TOP OF THE 8TH |
Erie SeaWolves batting - Pitching for Bowie Baysox : RHP Garrett Enlow
|
Batting: SHB Jonathan Laboy
|
0-0: Swinging Strike 0-1: Called Strike 0-2: Strikes out swinging
|
Batting: SHB Nate Hill
|
0-0: Ball 1-0: Foul Ball, location: 5FF 1-1: Fly out, F8 (Line Drive, 8LS, EV 87.5 MPH)
|
Batting: RHB Brice Post
|
0-0: Called Strike 0-1: Called Strike 0-2: Foul Ball, location: 2F 0-2: Ball 1-2: Ball 2-2: Ground out 6-3 (Groundball, 6, EV 80.6 MPH)
|
Top of the 8th over - 0 runs, 0 hits, 0 errors, 0 left on base; Erie 0 - Bowie 5 |
BOTTOM OF THE 8TH |
Bowie Baysox batting - Pitching for Erie SeaWolves : RHP Carlos Farias
|
Batting: RHB Ricardo Gonzalez
|
0-0: Foul Ball, location: 25FF 0-1: Ball 1-1: Foul Ball, location: 2F 1-2: Fly out, F8 (Flyball, 8RXD, EV 111.3 MPH)
|
Batting: RHB Ivan Rios
|
0-0: Called Strike 0-1: Ball 1-1: Ground out 4-3 (Groundball, 4, EV 81.9 MPH)
|
Batting: LHB Nick Cheney
|
0-0: Called Strike 0-1: Ball 1-1: Swinging Strike 1-2: Fly out, F3 (Popup, 3S, EV 83.1 MPH)
|
Bottom of the 8th over - 0 runs, 0 hits, 0 errors, 0 left on base; Erie 0 - Bowie 5 |
TOP OF THE 9TH |
Erie SeaWolves batting - Pitching for Bowie Baysox : RHP Garrett Enlow
|
Batting: RHB Juan Flores
|
0-0: Ground out 6-3 (Groundball, 6, EV 79.4 MPH)
|
Batting: RHB Brad Littell
|
0-0: Ball 1-0: Foul Ball, location: 2F 1-1: Ball 2-1: Foul Ball, location: 9LDF 2-2: Ground out 5-3 (Groundball, 56, EV 105.0 MPH)
|
Batting: LHB Randy Henderson
|
0-0: Ball 1-0: Called Strike 1-1: Foul Ball, location: 5F 1-2: Strikes out swinging
|
Top of the 9th over - 0 runs, 0 hits, 0 errors, 0 left on base; Erie 0 - Bowie 5 |
|